 Dungeon Crawl Stone Soup version 0.29.1-4-g47bece8355 (webtiles) character file.

Game seed: 2033357749698537369

1902 Gabide the Prestidigitator (level 9, -10/68 HPs)
             Began as a Human Artificer on Dec 6, 2022.
             Was an Initiate of Gozag.
             Mangled by a basilisk (13 damage)
             ... on level 6 of the Dungeon.
             The game lasted 00:15:00 (8111 turns).

Gabide the Prestidigitator (Human Artificer)        Turns: 8111, Time: 00:15:02

Health: -10/68     AC:  7    Str: 21    XL:     9   Next: 38%
Magic:  7/9        EV: 12    Int: 14    God:    Gozag
Gold:   162        SH:  5    Dex: 11    Spells: 8/8 levels left

rFire   . . .      SeeInvis +   I - +8 long sword "Oza Lomo" {vorpal, rC+}
rCold   + . .      Faith    .   (no shield)
rNeg    . . .      Spirit   .   g - +0 ring mail
rPois   .          Reflect  +   b - +1 hat
rElec   .          Harm     .   (no cloak)
rCorr   +          Rampage  .   (no gloves)
Will    +....                   C - +0 pair of boots
Stlth   +.........              q - amulet of reflection
HPRegen 0.21/turn               J - ring "Jaesy" {rCorr Str+5 Int+2 Dex-3 SInv}
MPRegen 0.11/turn               G - ring of willpower

@: no status effects
A: no striking features
a: Renounce Religion, Potion Petition, Call Merchant, Bribe Branch


You were on level 6 of the Dungeon.
You worshipped Gozag.
Gozag was aware of your devotion.
You visited 2 branches of the dungeon, and saw 7 of its levels.

You collected 409 gold pieces.
You spent 166 gold pieces at shops.
You paid 81 gold pieces to Gozag.

Inventory:

Hand Weapons
 a - a +3 short sword of draining
 I - the +8 long sword "Oza Lomo" (weapon) {vorpal, rC+}
   (You found it on level 6 of the Dungeon)

   It inflicts extra damage upon your enemies.
   rC:        It protects you from cold.
 K - a +0 double sword of protection
Missiles
 E - 3 javelins
Armour
 b - a +1 hat (worn)
 g - a +0 ring mail (worn)
 C - a +0 pair of boots (worn)
Jewellery
 q - an amulet of reflection (around neck)
 G - a ring of willpower (right hand)
 J - the ring "Jaesy" (left hand) {rCorr Str+5 Int+2 Dex-3 SInv}
   (You found it on level 4 of the Dungeon)

   [ring of resist corrosion]

   Str:       It affects your strength (+5).
   Int:       It affects your intelligence (+2).
   Dex:       It affects your dexterity (-3).
   SInv:      It lets you see invisible.
   rCorr:     It protects you from acid and corrosion.
 L - the ring "Jewuskin" {rF+ MP+9 EV+4 Int+4}
   (You found it on level 6 of the Dungeon)

   [ring of evasion]

   EV:        It affects your evasion (+4).
   Int:       It affects your intelligence (+4).
   rF:        It protects you from fire.
   MP:        It affects your magic capacity (+9).
Wands
 c - a wand of flame (2) (quivered)
 d - a wand of charming (3)
Scrolls
 f - 4 scrolls of noise
 l - 2 scrolls of identify
 o - a scroll of butterflies {unknown}
 p - a scroll of enchant armour {unknown}
 t - a scroll of amnesia {unknown}
 u - a scroll of poison {unknown}
 v - 2 scrolls of magic mapping {unknown}
 w - a scroll of immolation {unknown}
 x - 2 scrolls of vulnerability {unknown}
 y - a scroll of brand weapon {unknown}
 A - a scroll of torment {unknown}
 F - a scroll of blinking {unknown}
 H - a scroll of teleportation {unknown}
Potions
 e - a potion of might {unknown}
 h - a potion of lignification {unknown}
 i - 3 potions of curing
 j - 3 potions of mutation
 k - a potion of flight {unknown}
 m - a potion of invisibility {unknown}
 n - 2 potions of degeneration {unknown}
 r - a potion of resistance
 s - a potion of berserk rage {unknown}
 z - 2 potions of haste
 B - a potion of brilliance {unknown}
 D - a potion of magic {unknown}


   Skills:
 - Level 5.0 Fighting
 - Level 2.0 Armour
 - Level 5.0 Dodging
 - Level 1.0 Stealth
 - Level 5.0 Unarmed Combat
 + Level 8.2 Evocations


You had 8 spell levels left.
You didn't know any spells.
Your spell library contained the following spells:

 Spells                   Type           Power      Damage    Failure   Level
 Ozocubu's Armour         Ice            0%         N/A       80%         3
 Ozocubu's Refrigeration  Ice            0%         4d7       100%        7


Dungeon Overview and Level Annotations

Branches:
Dungeon (6/15)             Temple (1/1) D:5

Altars:
Ashenzari
Cheibriados
Dithmenos
Elyvilon
Fedhas
Gozag
Hepliaklqana
Okawaru
Qazlal
Ru
Sif Muna
Trog
Vehumet
Xom
Yredelemnul
Zin
The Shining One

Shops:
D:4 *=!?

Annotations:
D:6 2 runed translucent doors


Message History

The basilisk misses you. The basilisk bites you!
* * * LOW HITPOINT WARNING * * *
You slash the basilisk!
The basilisk is severely wounded.
The basilisk gazes at you.
You are slowing down.
You feel better. The basilisk gazes at you. You resist with almost no effort.
The basilisk closely misses you.
Your limbs are stiffening.
As you read the scroll labelled LOCUTA YFIUME, it crumbles to dust.
You hear a loud clanging noise!
It was a scroll of noise.
You hear an angry hiss.
You hear a shout!
You hear an angry buzzing noise.
You hear an angry hiss. x2; You hear a shout!
The basilisk bites you.
* * * LOW HITPOINT WARNING * * *
You hear a croak.
You have turned to stone.
The basilisk bites you. The basilisk gazes at you.
You resist with almost no effort. The basilisk gazes at you.
You resist with almost no effort.
The basilisk bites you but does no damage. x2
The basilisk bites you!
* * * LOW HITPOINT WARNING * * *
The basilisk gazes at you. You resist with almost no effort.
The basilisk gazes at you. You resist with almost no effort.
The basilisk bites you but does no damage.
You turn to flesh and can move again.
You closely miss the basilisk.
The basilisk is severely wounded.
The basilisk bites you!
* * * LOW HITPOINT WARNING * * *
The basilisk bites you!
You die...
Your body crumbles into a pile of gold.

######..............#....#....#
.......######.......#....#.>..#
......## ##......'....#....#
......# #......#...##....#
......# #...$......##....#
..))..# +.##''##.........#
.).)..# ###8..8##........#
......## #8....8#........#
.......# #.@....#..#######
.......# #.l...(#..# ......##
#8....8#..# ......#
##8..8##..'...<.# ......#
##++##...#.....# ....>.#
.........#.....# ......#
.........# ##### ......##
......#...#
.......######.......#....


You could see a basilisk.

Vanquished Creatures
  Pikel (D:5)
  A steam dragon (D:4)
  Menkaure (D:5)
  Duvessa (D:4)
  An orc warrior (D:6)
  An ogre (D:5)
  3 centaurs
  2 lemures (D:5)
  A kobold brigand (D:4)
  Blork the orc (D:4)
  A necrophage (D:4)
  A scorpion (D:5)
  Dowan (D:4)
  A hound (D:5)
  An iguana (D:5)
  An orc wizard (D:6)
  7 adders
  An ufetubus (D:4)
  A dart slug (D:5)
  8 orcs
  6 ball pythons
  3 endoplasms (D:4)
  6 giant cockroaches
  5 goblins
  2 hobgoblins
  11 jackals
  13 kobolds
  A quokka (D:1)
  3 bats
  8 frilled lizards
  4 rats
  A spectral orc (D:4)
99 creatures vanquished.

Vanquished Creatures (collateral kills)
  A wraith (D:6)
  A kobold (D:4)
2 creatures vanquished.

Vanquished Creatures (others)
  2 lemures (D:5)
  An orc priest (D:6)
  An endoplasm (D:4)
  A kobold (D:5)
5 creatures vanquished.

Grand Total: 106 creatures vanquished

Notes
Turn   | Place    | Note
-------+----------+-------------------------------------------
     0 | D:1      | Gabide the Human Artificer began the quest for the Orb.
     0 | D:1      | Reached XP level 1. HP: 15/15 MP: 1/1
   521 | D:1      | Reached XP level 2. HP: 21/21 MP: 2/2
   798 | D:1      | You fall into a shaft and drop 1 floor!
   816 | D:2      | Reached skill level 1 in Unarmed Combat
  1287 | D:1      | Reached XP level 3. HP: 27/27 MP: 3/3
  1782 | D:2      | HP: 1/27 [adder (3)]
  2206 | D:2      | Reached XP level 4. HP: 33/33 MP: 4/4
  2840 | D:3      | Found a faded altar of an unknown god.
  3146 | D:3      | Noticed a centaur
  3161 | D:3      | Killed a centaur
  3162 | D:3      | Reached skill level 4 in Evocations
  3162 | D:3      | Reached XP level 5. HP: 10/39 MP: 5/5
  3559 | D:4      | Found Cuuteos's Assorted Antiques.
  3568 | D:4      | Bought a scroll labelled LOCUTA YFIUME for 21 gold pieces
  3734 | D:4      | Noticed Duvessa
  3754 | D:4      | Killed Duvessa
  3755 | D:4      | Reached XP level 6. HP: 37/47 MP: 6/6
  3764 | D:4      | Noticed Dowan
  3777 | D:4      | Killed Dowan
  3999 | D:4      | Found Ivebuy's Distillery.
  4105 | D:4      | Noticed Blork the orc
  4111 | D:4      | Killed Blork the orc
  4112 | D:4      | Reached skill level 5 in Evocations
  4112 | D:4      | Reached XP level 7. HP: 39/52 MP: 7/7
  4547 | D:4      | Bought a wooden ring for 105 gold pieces
  4629 | D:4      | Found Uhaitomiopt's Magic Scroll Shoppe.
  4638 | D:4      | Bought a scroll of fear for 40 gold pieces
  4764 | D:4      | Found a basalt altar of Yredelemnul.
  4791 | D:4      | Found Xoorphep's Jewellery Shop.
  4840 | D:4      | Identified the ring "Jaesy" {rCorr Str+5 Int+2 Dex-3 SInv}
  4979 | D:5      | Entered Level 5 of the Dungeon
  5189 | D:4      | Reached skill level 6 in Evocations
  5418 | D:5      | Noticed a steam dragon
  5658 | D:5      | Noticed Menkaure
  5957 | D:4      | Killed a steam dragon
  6105 | D:5      | Reached XP level 8. HP: 20/60 MP: 8/8
  6553 | D:5      | Found a staircase to the Ecumenical Temple.
  6559 | Temple   | Entered the Ecumenical Temple
  6644 | D:5      | Killed Menkaure
  6735 | D:5      | Noticed Pikel
  6759 | D:5      | Killed Pikel
  6760 | D:5      | Reached skill level 8 in Evocations
  6760 | D:5      | Reached XP level 9. HP: 14/66 MP: 9/9
  7214 | Temple   | Became a worshipper of Gozag Ym Sagoz the Greedy
  8006 | D:6      | Found a large runed translucent door.
  8006 | D:6      | Found a large runed translucent door.
  8017 | D:6      | Found a large runed translucent door.
  8017 | D:6      | Found a large runed translucent door.
  8047 | D:6      | Reached skill level 5 in Fighting
  8047 | D:6      | Reached skill level 5 in Dodging
  8047 | D:6      | Reached skill level 5 in Unarmed Combat
  8051 | D:6      | Identified the +8 long sword "Oza Lomo" {vorpal, rC+}
  8060 | D:6      | Identified the ring "Jewuskin" {rF+ MP+9 EV+4 Int+4}
  8111 | D:6      | HP: 3/68 [basilisk (12)]
  8111 | D:6      | Mangled by a basilisk

Illustrated notes

Levels and vault maps discovered:
D:1:      dpeg_arrival_central, layout_basic
D:2:      layout_rooms
D:3:      layout_loops_cross, shapermc_ecumenical_altar_flowoftime,
          skrybe_limestone_x
D:4:      layout_loops_ring, yredelemnul_forgotten_temple_becter, serial_shops,
          nicolae_shop_crystal, kennysheep_little_box, kennysheep_mini_moat,
          nicolae_square_shop, kennysheep_dice, uniq_duvessa, uniq_blork_the_orc
D:5:      layout_cave_pools, minmay_temple_entry_hall, uniq_menkaure, uniq_pikel
D:6:      layout_gridville, minmay_hollow_rounded_squares
Temple:   nicolae_temple_elliptical

Skill      XL: |  1  2  3  4  5  6  7  8  9 |
---------------+----------------------------+-----
Unarmed Combat | 1 2 3 4 5 |  5.0
Fighting       | 2 3 4 5 |  5.0
Dodging        | 2 3 4 5 |  5.0
Evocations     | 4 5 6 8 |  8.2
Armour         | |  2.0
Stealth        | |  1.0

Action                   |  1- 3 |  4- 6 |  7- 9 || total
-------------------------+-------+-------+-------++-------
Melee: Club              |   180 |    15 |       ||   195
       Punch             |     3 |     5 |     4 ||    12
       Dagger            |       |   113 |       ||   113
       Short sword       |       |    22 |   141 ||   163
       Long sword        |       |       |     9 ||     9
 Fire: Sling             |    14 |    41 |    27 ||    82
Throw: Dart              |       |       |     2 ||     2
       Throwing net      |       |       |     2 ||     2
Evoke: Wand              |     2 |     9 |    19 ||    30
  Use: Scroll            |       |     4 |     2 ||     6
       Potion            |       |       |     2 ||     2
 Stab: Sleeping          |       |       |     1 ||     1
       Held in net/web   |       |       |     1 ||     1
Armor: Leather armour    |    16 |       |       ||    16
       Ring mail         |    88 |    43 |    76 ||   207
Dodge: Dodged            |   141 |    74 |   105 ||   320
Block: Other             |    19 |    32 |    37 ||    88
       Reflection        |       |       |     5 ||     5
